 Dungeon Crawl Stone Soup version 0.19.1 (webtiles) character file.

54 Peloso the Shield-Bearer (level 3, -3/34 HPs)
             Began as a Deep Dwarf Fighter on Dec 10, 2016.
             Slain by Natasha (4 damage)
             ... on level 2 of the Dungeon.
             The game lasted 00:03:08 (1289 turns).

Peloso the Shield-Bearer (Deep Dwarf Fighter)       Turns: 1289, Time: 00:03:09

Health: -3/34      AC: 12    Str: 19    XL:     3   Next: 66%
Magic:  3/3        EV:  3    Int:  8    God:
Gold:   65         SH:  9    Dex: 13    Spells: 0 memorised, 2 levels left

rFire  . . .     SeeInvis .     a - +0 long sword
rCold  . . .     Gourm    .     t - +0 plate armour
rNeg   . . .     Faith    .     c - +0 shield
rPois  .         Spirit   .     i - +0 helmet
rElec  .         Reflect  .     (no cloak)
rCorr  .         Harm     .     (no gloves)
MR     +....                    (no boots)
Stlth  ..........               h - amulet of regeneration
                                o - ring of loudness (curse)
                                w - ring of protection from magic

@: non-regenerating
A: damage resistance, recharge devices, sense surroundings 1, slow regeneration
3
a: Device Recharging


You were on level 2 of the Dungeon.
You were hungry.

You visited 1 branch of the dungeon, and saw 2 of its levels.

You collected 65 gold pieces.

Inventory:

Hand Weapons
 a - a +0 long sword (weapon)
Armour
 b - a +0 scale mail
 c - a +0 shield (worn)
 i - a +0 helmet (worn)
 t - a +0 plate armour (worn)
Jewellery
 h - an amulet of regeneration (around neck)
 k - an uncursed ring of ice
 o - a cursed ring of loudness (right hand)
 w - a ring of protection from magic (left hand)
Wands
 e - a wand of heal wounds (5/9)
Scrolls
 g - 2 scrolls of teleportation {unknown}
 l - a scroll of random uselessness {unknown}
 m - a scroll of recharging {unknown}
 n - a scroll of noise {unknown}
 q - a scroll of fog {unknown}
 r - a scroll of identify {unknown}
 u - a scroll of fear {unknown}
 v - a scroll of blinking {unknown}
Potions
 d - 2 potions of might
 j - 2 potions of heal wounds {unknown}
 p - a potion of agility {unknown}
 s - a potion of degeneration {unknown}
Comestibles
 f - 2 bread rations


   Skills:
 + Level 3.1 Fighting
 + Level 2.2 Long Blades
 + Level 3.9 Armour
 + Level 4.0 Shields


You had 2 spell levels left.
You didn't know any spells.

Dungeon Overview and Level Annotations

Branches:
Dungeon (2/15)

Altars:

Annotations:
D:2 Natasha


Innate Abilities, Weirdness & Mutations

You are resistant to damage.
You can recharge devices by infusing magical energy.
You passively map a small area around you.
You do not regenerate.


Message History

There is a stone staircase leading up here.
You open the door.
Natasha, Servant of Life and Death comes into view.
Natasha stares at you and mumbles some strange words.
The magic dart hits you!
Natasha is nearby!
Natasha drinks a potion.
Natasha flickers and vanishes!
Deactivating autopickup; reactivate with Ctrl-A.
There is an open door here.
You miss something. Something claws you.
* * * LOW HITPOINT WARNING * * *
Something claws you.
You hit something. Something claws you but does no damage.
You closely miss something.
You hear some strange, mumbled words.
A magic dart appears from out of thin air!
The magic dart hits you!
* * * LOW HITPOINT WARNING * * *
You miss something. Something claws you.
You die...

* #.# #.# #.# ##+#
###.##### , ##...#
#.......# , ##.....##
#..#.##.# , #.......##
#.###.#.#
.........####..#.##.####
, ,
......{@.'...........<..
,
.........####...###.###.
* #.......## #.......#
#. * ##.....## ###.#####
#. ##...# #.# #. ##+#
#.# #. #.# ########.# #.
#.# #........# #.
##.###.######## #.


There were no monsters in sight!

Vanquished Creatures
  An adder (D:2)
  2 worms (D:2)
  2 dart slugs (D:1)
  2 leopard geckos
  2 bats (D:1)
  A giant cockroach (D:1)
  6 goblins
  2 hobgoblins (D:1)
  4 jackals (D:2)
  2 kobolds (D:2)
  3 frilled lizards (D:1)
  7 rats
34 creatures vanquished.

Notes
Turn   | Place    | Note
-------+----------+-------------------------------------------
     0 | D:1      | Peloso the Deep Dwarf Fighter began the quest for the Orb.
     0 | D:1      | Reached XP level 1. HP: 20/20 MP: 1/1
   134 | D:1      | Reached XP level 2. HP: 28/28 MP: 2/2
   827 | D:2      | Reached XP level 3. HP: 18/34 MP: 3/3
  1122 | D:2      | Reached skill level 4 in Shields
  1282 | D:2      | Noticed Natasha
  1288 | D:2      | HP: 1/34 [something/magic dart (3)]
  1289 | D:2      | Slain by Natasha

Skill      XL: |  1  2  3 |
---------------+----------+-----
Fighting       | 3 |  3.1
Shields        | 4 |  4.0
Long Blades    | |  2.2
Armour         | |  3.9

Action                   || total
-------------------------++-------
Melee: Long sword        ||   159
  Eat: Chunk             ||     1
Armor: Scale mail        ||    30
       Plate armour      ||    59
Dodge: Dodged            ||    34
Block: Shield            ||    81
       Rpst.: Long sword ||    13
